Map: Blackburn LE

Players

Spirit (souL)

  • Race: Terran Terran

SKillous - Winner!

  • Race: Protoss Protoss

Event: DreamHack SC2 Masters 2021 Winter

VOD

Have the link to the VOD?

Description

Time

  • Played on: Oct. 13, 2021, 1:19 p.m.
  • Length: 9:16

All games in this series

Show
View Real Time Build Order
Export as new Build Order

Spirit Terran 

Build Orders:  

Get SALT Encoding   

  12  0:00  SCV  
  13  0:12  SCV  
  14  0:17  Supply Depot  
  14  0:24  SCV  
  15  0:38  SCV  
  15  0:39  Barracks  
  16  0:51  SCV  
  16  0:52  Refinery  
  17  1:03  SCV  
  18  1:16  SCV  
  19  1:26  Marine  
  19  1:28  Orbital Command  
  20  1:38  Command Center  
  20  1:45  Barracks Reactor  
  20  1:54  Supply Depot, SCV  
  21  2:06  SCV  
  22  2:17  Command Center  
  22  2:19  SCV  
  22  2:22  Marine x2  
  24  2:29  Bunker  
  25  2:33  SCV  
  26  2:38  Barracks  
  26  2:41  Marine  
  27  2:44  Marine  
  28  2:51  Orbital Command  
  28  2:59  Marine  
  28  3:01  SCV  
  30  3:08  Barracks  
  30  3:09  Marine  
  31  3:15  SCV  
  31  3:17  SCV, Marine  
  34  3:26  Barracks Tech Lab  
  34  3:27  SCV, Marine  
  34  3:33  SCV, Engineering Bay  
  37  3:35  Marine  
  37  3:40  Orbital Command  
  38  3:43  SCV  
  38  3:44  Marine  
  38  3:45  SCV  
  38  3:47  Stimpack  
  41  3:52  Refinery  
  41  3:56  SCV, Barracks Tech Lab  
  41  3:57  Marine x2  
  41  4:02  Missile Turret  
  44  4:04  SCV  
  44  4:06  SCV  
  44  4:08  SCV  
  47  4:12  Factory  
  47  4:16  SCV  
  48  4:17  Refinery  
  48  4:19  SCV  
  48  4:20  SCV, Marine  
  48  4:21  Marine  
  52  4:25  Marauder  
  52  4:28  SCV  
  52  4:30  Marauder  
  57  4:34  SCV  
  58  4:38  Supply Depot, Marine  
  58  4:41  Supply Depot  
  58  4:42  SCV x2  
  61  4:49  Combat Shield  
  61  4:56  Factory Tech Lab  
  61  4:59  Starport  
  61  5:00  Marine  
  61  5:01  Barracks  
  61  5:03  Barracks  
  62  5:08  Barracks  
  62  5:09  SCV, Refinery  
  62  5:11  SCV  
  64  5:16  Siege Tank  
  64  5:20  SCV  
  68  5:22  Supply Depot, SCV  
  68  5:25  SCV  
  68  5:26  Concussive Shells  
  68  5:27  Terran Infantry Weapons Level 1  
  68  5:28  Marine  
  70  5:29  Marine  
  70  5:30  Marine  
  72  5:36  Supply Depot  
  72  5:37  Starport Reactor  
  72  5:39  Marauder  
  72  5:41  SCV  
  74  5:46  SCV  
  74  5:47  Supply Depot, SCV  
  74  5:52  Siege Tank  
  74  5:53  SCV  
  78  5:58  Barracks Reactor  
  78  5:59  Barracks Tech Lab  
  78  6:00  Barracks Tech Lab  
  78  6:01  Marauder, Marine  
  81  6:06  Supply Depot  
  81  6:09  Marauder  
  81  6:10  Supply Depot  
  83  6:13  Medivac  
  83  6:15  Marine  
  83  6:18  Marine x2  
  86  6:19  Supply Depot  
  86  6:21  Medivac  
  86  6:22  Marine  
  86  6:23  Marine  
  92  6:26  Orbital Command  
  92  6:30  Marine  
  93  6:34  Siege Tank  
  93  6:35  Supply Depot  
  93  6:36  Marauder  
  93  6:38  SCV  
  93  6:39  Marine  
  98  6:40  Supply Depot, Marine  
  98  6:41  Marine  
  101  6:47  Supply Depot  
  101  6:48  Medivac  
  101  6:49  Marine  
  101  6:50  Marine  
  101  6:53  Medivac  
  101  6:54  Marine  
  107  6:56  Marine  
  107  6:58  Marauder  
  107  6:59  Marine  
  107  7:00  Marine  
  113  7:01  Marine  
  113  7:08  Marauder, Siege Tank  
  116  7:11  Marine  
  116  7:15  Marauder  
  122  7:16  Marauder  
  122  7:17  Marine  
  122  7:18  Marine  
  122  7:19  Marine  
  122  7:22  Marauder  
  129  7:28  Supply Depot  
  129  7:29  Marine x2  
  131  7:30  Supply Depot  
  131  7:35  Marine x2  
  131  7:36  Marine  
  133  7:37  Marine x2  
  133  7:43  Marauder  
  133  7:47  Marine x2  
  121  7:53  Marine x2  
  121  7:54  Siege Tank, Marine  
  121  7:55  Marine  
  121  7:56  Marauder  
  122  7:59  Medivac  
  122  8:04  Marine x2  
  122  8:05  Marine  
  127  8:11  Marine  
  127  8:12  Marauder, Marine  
  131  8:13  Marine  
  131  8:17  Marauder  
  134  8:22  Marine x2  
  134  8:24  Marine  
  137  8:28  Marine  
  137  8:29  Marine  
  137  8:33  Marauder  
  138  8:36  Medivac  
  138  8:37  Marine  
  104  8:42  Medivac, Marine  
  104  8:43  Marine  
  104  8:45  Marine  
  79  8:51  Marauder, Marine  
  79  8:53  Marine  
  70  8:55  Marine  
  70  8:57  Marine  
Show
View Real Time Build Order
Export as new Build Order

SKillous Protoss - Winner!

Build Orders: 1 Gate Expand, Blink Stalkers, Zealot Archon 

Get SALT Encoding   

  12  0:01  Probe  
  13  0:13  Probe  
  14  0:17  Pylon  
  14  0:25  Probe (Chrono Boost)  
  15  0:36  Gateway  
  15  0:37  Probe (Chrono Boost)  
  16  0:45  Probe (Chrono Boost)  
  16  0:46  Assimilator  
  17  0:51  Probe  
  18  1:04  Probe  
  19  1:16  Probe  
  20  1:24  Cybernetics Core  
  20  1:33  Nexus  
  20  1:42  Pylon  
  20  1:43  Probe  
  21  1:49  Assimilator  
  21  1:55  Probe  
  21  1:58  Adept (Chrono Boost)  
  24  2:07  Probe, Warp Gate  
  25  2:18  Adept (Chrono Boost)  
  25  2:19  Probe  
  28  2:31  Twilight Council, Probe  
  29  2:40  Stalker  
  31  2:46  Probe (Chrono Boost)  
  31  2:50  Probe (Chrono Boost)  
  33  2:55  Probe (Chrono Boost)  
  35  2:59  Probe (Chrono Boost)  
  35  3:01  Probe (Chrono Boost)  
  36  3:06  Blink (Chrono Boost)  
  36  3:09  Probe  
  37  3:13  Probe  
  37  3:15  Gateway  
  38  3:21  Probe  
  38  3:25  Probe  
  40  3:29  Robotics Facility  
  40  3:33  Probe  
  41  3:37  Probe  
  42  3:45  Probe  
  42  3:47  Nexus  
  43  3:50  Pylon  
  43  3:51  Probe  
  44  3:58  Probe  
  45  4:07  Pylon  
  45  4:08  Stalker  
  48  4:10  Probe  
  48  4:11  Shield Battery  
  48  4:12  Stalker  
  48  4:13  Probe  
  48  4:16  Observer (Chrono Boost)  
  52  4:19  Assimilator  
  52  4:22  Probe  
  53  4:25  Probe  
  53  4:28  Pylon  
  53  4:30  Observer (Chrono Boost)  
  54  4:32  Stalker  
  54  4:34  Probe  
  54  4:35  Stalker  
  54  4:37  Probe  
  61  4:42  Forge  
  61  4:46  Probe  
  61  4:49  Probe  
  63  4:54  Observer  
  63  4:58  Probe (Chrono Boost)  
  66  5:01  Probe x2 (Chrono Boost)  
  67  5:10  Probe (Chrono Boost)  
  67  5:13  Gateway, Probe (Chrono Boost)  
  70  5:16  Probe (Chrono Boost)  
  70  5:17  Probe (Chrono Boost)  
  70  5:19  Probe (Chrono Boost), Charge, Protoss Ground Weapons Level 1 (Chrono Boost)  
  70  5:21  Stalker, Nexus  
  74  5:22  Pylon  
  74  5:23  Probe  
  74  5:24  Probe  
  76  5:30  Probe  
  77  5:35  Probe  
  77  5:41  Gateway  
  77  5:42  Gateway, Probe  
  79  5:49  Probe  
  80  5:51  Gateway  
  80  5:52  Gateway  
  80  5:55  Gateway  
  80  5:56  Observer  
  80  5:57  Probe  
  80  5:59  Pylon  
  80  6:00  Probe  
  80  6:03  Templar Archives  
  82  6:04  Probe  
  82  6:09  Probe, Sentry  
  82  6:10  Zealot, Sentry  
  90  6:12  Probe  
  90  6:14  Gateway  
  90  6:16  Probe  
  90  6:17  Gateway  
  92  6:21  Warp Prism (Chrono Boost), Probe  
  92  6:25  Probe  
  96  6:29  Gateway  
  96  6:30  Gateway  
  96  6:37  Zealot x3  
  96  6:39  Observer  
  102  6:43  Shield Battery  
  102  6:45  Shield Battery  
  102  6:46  Photon Cannon  
  102  6:48  Zealot x2, High Templar x2  
  102  6:50  Pylon  
  102  6:52  Archon  
  110  6:57  Gateway  
  110  6:58  Gateway  
  110  7:02  Zealot x3  
  116  7:09  Pylon  
  116  7:10  Pylon  
  116  7:11  Forge  
  116  7:15  Zealot x4  
  118  7:19  Pylon  
  124  7:27  Zealot x2  
  124  7:28  Zealot x3  
  124  7:29  Pylon  
  134  7:33  Zealot x3  
  140  7:38  Zealot x3  
  140  7:39  Zealot  
  140  7:43  Pylon  
  126  7:53  Observer  
  126  7:54  Zealot  
  126  7:55  Zealot x7  
  120  8:02  Zealot x5  
  130  8:07  High Templar  
  132  8:15  Zealot x4, High Templar  
  132  8:16  Zealot x2  
  132  8:18  High Templar  
  148  8:21  Archon  
  148  8:23  Zealot x2, Pylon, Shield Battery  
  148  8:25  Zealot  
  154  8:28  High Templar  
  154  8:29  Zealot  
  154  8:36  Zealot x5, Archon  
  154  8:39  Zealot x2  
  132  8:46  Zealot x2  
  132  8:47  Zealot  
  116  8:49  Zealot x2  
  116  8:59  Zealot x5  

Tags
 
Add a new tag
Caveats
  • Supply blocks, unpowered buildings, or Contaminate may cause inaccurate times.
  • Supply counts are checked every 10 seconds.